 Dungeon Crawl Stone Soup version 0.31-a0-667-g39726597b9 (webtiles) character file.

Game seed: 3077806415237762980

485 jlumianski the Chopper (level 6, -1/49 HPs)
             Began as a Demonspawn Fighter on Sept 4, 2023.
             Slain by Menkaure (11 damage)
             ... on level 4 of the Dungeon.
             The game lasted 00:15:57 (4495 turns).

jlumianski the Chopper (Demonspawn Fighter)         Turns: 4495, Time: 00:15:58

Health: -1/49      AC: 13    Str: 19    XL:     6   Next: 88%
Magic:  6/6        EV:  8    Int:  9    God:
Gold:   208        SH:  4    Dex: 12    Spells: 5/5 levels left

rFire   . . .        a - +0 war axe
rCold   . . .        c - +0 buckler
rNeg    . . .        q - +0 chain mail
rPois   .            k - +0 helmet
rElec   .            (no cloak)
rCorr   .            i - +0 pair of gloves
SInv    .            n - +0 pair of boots
Will    .....        (no amulet) Stlth
                     (no ring)
HPRegen 0.28/turn    (no ring)
MPRegen 0.10/turn

%: no passive effects
@: mighty
A: weakness stinger 1
a: no special abilities


You were on level 4 of the Dungeon.
You visited 1 branch of the dungeon, and saw 5 of its levels.

You collected 208 gold pieces.

Inventory:

Hand Weapons
 a - a +0 war axe (weapon)
Missiles
 d - 5 boomerangs (quivered)
 e - 49 stones
 f - 2 throwing nets
Armour
 b - a +0 scale mail
 c - a +0 buckler (worn)
 i - a +0 pair of gloves (worn)
 k - a +0 helmet (worn)
 n - a +0 pair of boots (worn)
 q - a +0 chain mail (worn)
Talismans
 r - a granite talisman
Scrolls
 g - 3 scrolls of immolation
 h - a scroll of summoning
 j - a scroll of teleportation
 l - a scroll of vulnerability
Potions
 o - a potion of lignification {unknown}
 t - a potion of attraction {unknown}


   Skills:
 + Level 4.3 Fighting
 + Level 4.6 Axes
 + Level 0.7 Throwing
 + Level 4.1 Armour
 - Level 1.0 Dodging
 + Level 3.1 Shields


You had 5 spell levels left.
You didn't know any spells.
Your spell library was empty.

Dungeon Overview and Level Annotations

Branches:
Dungeon (5/15)
 Temple: D:4-7

Altars:
Ashenzari
Hepliaklqana
Xom

Annotations:
D:4 Menkaure, Sigmund


Innate Abilities, Weirdness & Mutations

You have a small tail.


Message History

The poisoned dart barely misses Menkaure.
Throw: dart (poison)
Press: ? - help, Q - select action, (/) - cycle Shift-Dir - straight line, f/p - Menkaure
Aim: Menkaure (fast, 72% to hit)
You throw a poisoned dart.
The poisoned dart barely misses Menkaure.
Menkaure casts a spell at you.
You barely resist.
Menkaure murmurs a few words.
Throw: 5 boomerangs
Press: ? - help, Q - select action, (/) - cycle Shift-Dir - straight line, f/p - Menkaure
Aim: Menkaure (fast, 72% to hit)
You throw a boomerang. The boomerang hits Menkaure.
Menkaure is lightly damaged.
You barely miss Menkaure.
Menkaure is lightly damaged.
Menkaure points at you and mumbles some strange words.
You barely resist. Menkaure hits you!!
You hit Menkaure but do no damage.
Menkaure is lightly damaged.
Menkaure hits you!
Menkaure gestures at you while chanting.
You barely resist. You hit Menkaure.
Menkaure is moderately damaged.
Menkaure gestures at you while chanting.
You barely resist. You hit Menkaure but do no damage.
Menkaure is moderately damaged.
Menkaure's bandages flutter.
Menkaure hits you. Menkaure barely misses you.
You hit Menkaure but do no damage.
Menkaure is moderately damaged.
Menkaure calls on the powers of darkness!
Your body is wracked with pain!
* * * LOW HITPOINT WARNING * * *
You feel very mighty all of a sudden.
Menkaure forgets how to speak, silenced by the ages.
Menkaure hits you!
You die...

#.####### ##...## .#
#.......# #....(# .#
#.#####.# #.#.#.# .#
#.#####.# #.#.#(# ..
...#.##.####.#.#.###
#...#..............#
...#.##.####.....#.#
#.#####.# #.[..M#.#
#.#####.# #....@# #
#.......#
#.#.........#
#########
#.#####.##### #.# .#
#.. # ###


You could see Menkaure (fast).

Vanquished Creatures
  2 scorpions
  A jelly (D:3)
  An orc priest (D:5)
  A hound (D:4)
  A sleepcap (D:5)
  Jessica (D:2)
  An iguana (D:5)
  Natasha (D:2)
  Robin (D:4)
  3 gnolls
  5 adders
  2 worms
  A dart slug (D:2)
  7 orcs
  6 endoplasms
  6 giant cockroaches
  17 goblins
  6 hobgoblins
  8 kobolds
  3 quokkas
  4 ball pythons
  4 bats
  A frilled lizard (D:2)
  3 rats
86 creatures vanquished.

Notes
Turn   | Place    | Note
-------+----------+-------------------------------------------
     0 | D:1      | jlumianski the Demonspawn Fighter began the quest for the
                  | Orb.
     0 | D:1      | Reached XP level 1. HP: 18/18 MP: 1/1
    68 | D:2      | Noticed Jessica
   143 | D:3      | Found a faded altar of an unknown god.
   178 | D:3      | Gained mutation: You have a small tail. [demonic ancestry]
   178 | D:3      | Reached XP level 2. HP: 24/24 MP: 2/2
   211 | D:3      | Found a shimmering altar of Xom.
   212 | D:3      | Found a broken altar of Ashenzari.
   359 | D:2      | Killed Jessica
   360 | D:2      | Reached XP level 3. HP: 25/29 MP: 3/3
  1311 | D:1      | Reached XP level 4. HP: 35/35 MP: 4/4
  1646 | D:2      | Noticed Natasha
  1661 | D:2      | HP: 1/36 [Natasha (1)]
  1662 | D:2      | Killed Natasha
  2028 | D:2      | Reached skill level 1 in Dodging
  2261 | D:4      | Noticed Robin
  2269 | D:3      | Reached XP level 5. HP: 39/42 MP: 5/5
  2314 | D:4      | Found a hazy altar of Hepliaklqana.
  2373 | D:3      | HP: 2/42 [gnoll/+0 halberd (10)]
  2810 | D:4      | Killed Robin
  3026 | D:5      | Entered Level 5 of the Dungeon
  3456 | D:4      | Reached XP level 6. HP: 45/48 MP: 6/6
  3493 | D:4      | Noticed Sigmund
  4181 | D:4      | Noticed Menkaure
  4495 | D:4      | Slain by Menkaure

Illustrated notes

Levels and vault maps discovered:
D:1:      tarquinn_simple_flora_water_e, layout_loops_ring, chequers_arboretum
D:2:      layout_basic, uniq_jessica, uniq_natasha
D:3:      layout_rooms, nicolae_overflow_squiral,
          ebering_ecumenical_altar_sacrificial
D:4:      layout_loops_corners, lemuel_crystal_altar, uniq_menkaure,
          uniq_sigmund, uniq_robin
D:5:      layout_loops_ring, minitemple, minmay_temple_entry_nine_rooms,
          nicolae_shop_overcharged_wands

Skill      XL: |  1  2  3  4  5  6 |
---------------+-------------------+-----
Axes           | 2 3 4 |  4.6
Armour         | 3 4 |  4.1
Fighting       | 4 |  4.3
Dodging        | 1 |  1.0
Shields        | 3 |  3.1
Throwing       | |  0.7

Action                     |  1- 3 |  4- 6 || total
---------------------------+-------+-------++-------
  Melee: War axe           |    91 |   170 ||   261
         Tailslap          |     6 |    16 ||    22
  Throw: Stone             |     1 |    10 ||    11
         Dart              |       |    12 ||    12
         Boomerang         |       |     1 ||     1
    Use: Scroll            |     2 |     9 ||    11
         Potion            |       |     5 ||     5
 Armour: Scale mail        |    64 |    50 ||   114
         Chain mail        |       |   108 ||   108
  Dodge: Dodged            |    41 |    81 ||   122
  Block: Buckler           |    16 |    47 ||    63
         Form:             |       |     1 ||     1
         Statue            |       |     1 ||     1

Table legend: (Time is in decaauts)
 A = Elapsed time spent in this place.
 B = Non-inter-level travel time spent in this place.
 C = Inter-level travel time spent in this place.
 D = Time resting spent in this place.
 E = Time spent auto-exploring this place.
 F = Levels seen in this place.
 G = Mean time per level.
                   A        B        C        D        E       F      G
               +--------+--------+--------+--------+--------+-----+--------+
         Total |   4603 |   4589 |     14 |    946 |   1792 |   5 |  920.6 |
       Dungeon |   4603 |   4589 |     14 |    946 |   1792 |   5 |  920.6 |
               +--------+--------+--------+--------+--------+-----+--------+

Top non-repeatable levels by time:
     D:3: 1517 daAuts
     D:4: 1063 daAuts
     D:2: 1062 daAuts
     D:1: 768 daAuts
     D:5: 191 daAuts
